AoeStats
← Codiman

Arena

510465320Analyzed
4v4 RM · 20h ago on Oct 1, 2026· 38m 43s· 8 players
Game mode
Random Map
Map size
Large (8 player)
Population
200
Speed
Normal
Resources
Standard
Victory
Conquest
Starting age
Dark Age
Ending age
Imperial Age
RankedLock teamsTeams togetherTeam positionsShared explorationLock speedFull tech treeHidden civsTurbo modeCheats
Victory
Defeat
🇺🇸 Turks · United States
1457
+17
🇨🇴 Malians · Colombia
1414
+19
🇦🇷 Cumans · Argentina
1396
+19
🇧🇴 Bohemians · Bolivia
1392
+19
🇨🇳 Celts · China
1599
-23
🇧🇷 Danes · Brazil
1471
-19
🇨🇳 Poles · China
1408
-16
🇦🇷 Teutons · Argentina
1403
-16
machpatel
11:05 Feudal Age
15:33 Castle Age
13:42 Double-Bit Axe
14:44 Horse Collar
15:59 Loom
20:49 Imperial Age
19:08 Heavy Plow
21:14 Bow Saw
23:50 Wheelbarrow
28:01 Padded Archer Armor
34:53 Leather Archer Armor
37:58 Hand Cart
Dadagama
10:18 Feudal Age
11:28 Double-Bit Axe
11:24 Horse Collar
16:03 Castle Age
15:27 Bloodlines
16:09 Scale Barding Armor
18:17 Husbandry
23:43 Heavy Plow
24:29 Loom
26:36 Bow Saw
27:11 Wheelbarrow
32:44 Imperial Age
30:10 Gold Mining
31:14 Hand Cart
31:22 Chain Barding Armor
31:12 Forging
30:27 Light Cavalry
31:47 Scale Mail Armor
33:30 Iron Casting
33:01 Heavy Camel Rider
35:54 Farimba
36:14 Conscription
36:20 Conscription
38:13 Plate Barding Armor
38:22 Gold Shaft Mining
Codiman
10:38 Feudal Age
12:07 Loom
16:15 Castle Age
15:22 Horse Collar
15:41 Double-Bit Axe
25:27 Redemption
29:19 Wheelbarrow
29:00 Fletching
33:59 Chemistry
33:20 Ballistics
36:28 Imperial Age
34:17 Hand Cart
35:02 Forging
34:53 Scale Mail Armor
34:44 Fletching
35:38 Pikeman
36:55 Chain Mail Armor
37:16 Iron Casting
38:03 Fortified Wall
Tupac_Amaru
5:18 Loom
9:11 Feudal Age
11:26 Double-Bit Axe
11:26 Horse Collar
13:35 Town Watch
17:02 Wheelbarrow
21:19 Castle Age
19:49 Scale Barding Armor
20:20 Forging
22:08 Bloodlines
22:32 Bow Saw
22:25 Heavy Plow
23:41 Chain Barding Armor
24:57 Iron Casting
25:12 Hand Cart
28:34 Town Patrol
35:07 Imperial Age
33:50 Gold Mining
36:41 Plate Barding Armor
35:33 Cavalier
38:27 Blast Furnace
Mr. M
10:32 Feudal Age
14:33 Castle Age
12:41 Double-Bit Axe
13:36 Horse Collar
16:19 Loom
21:54 Wheelbarrow
21:38 Bow Saw
22:00 Scale Mail Armor
23:51 Forging
23:57 Squires
25:25 Chain Mail Armor
25:42 Fletching
27:27 Iron Casting
系色望捏
10:09 Feudal Age
14:02 Castle Age
12:08 Double-Bit Axe
13:40 Horse Collar
14:22 Gold Mining
15:41 Bow Saw
22:19 Sanctity
22:58 Loom
27:26 Devotion
35:02 Imperial Age
32:49 Stone Mining
34:01 Wheelbarrow
35:58 Gold Shaft Mining
35:16 Pikeman
36:24 Heavy Scorpion
37:14 Heavy Plow
38:07 Ballistics
37:48 Capped Ram
Juanki
11:09 Feudal Age
12:04 Loom
13:50 Wheelbarrow
13:04 Double-Bit Axe
12:59 Horse Collar
15:52 Castle Age
15:13 Wheelbarrow
15:17 Gold Mining
16:25 Scale Barding Armor
16:54 Bow Saw
18:26 Town Watch
24:57 Hand Cart
25:54 Chain Barding Armor
25:44 Forging
27:18 Stone Mining
29:11 Stone Shaft Mining
31:37 Imperial Age
29:32 Fletching
30:18 Iron Casting
29:50 Town Patrol
29:59 Squires
29:44 Gambesons
30:49 Redemption
31:00 Sanctity
31:46 Bodkin Arrow
31:52 Padded Archer Armor
32:00 Padded Archer Armor
32:18 Heavy Plow
31:45 Pikeman
31:51 Man-at-Arms
33:02 Conscription
33:03 Crenellations
33:53 Chemistry
32:45 Arson
32:22 Halberdier
34:29 Two-Man Saw
33:58 Scale Mail Armor
34:58 Blast Furnace
34:14 Leather Archer Armor
35:05 Blast Furnace
33:51 Long Swordsman
34:32 Two-Handed Swordsman
36:05 Champion
37:26 Elite Teutonic Knight
Dd
7:30 Loom
11:02 Feudal Age
15:35 Castle Age
14:02 Double-Bit Axe
17:09 Horse Collar
22:01 Heavy Plow
24:35 Bow Saw
26:01 Wheelbarrow
25:27 Stone Mining
25:28 Gold Mining
26:12 Scale Barding Armor
26:18 Forging
26:28 Szlachta Privileges
27:29 Chain Barding Armor
27:46 Bloodlines
29:21 Iron Casting
32:00 Elite Skirmisher
34:54 Fletching
35:04 Padded Archer Armor
40:53 Imperial Age
Connection lost

Rejoining the realm…

Still unreachable

The connection could not be restored.

Session expired

The server has moved on; the page needs a fresh start.